 Dungeon Crawl Stone Soup version 0.21-a0-369-g397cdb2 (webtiles) character file.

31 Klosterheim the Chopper (level 3, -1/28 HPs)
             Began as a Demonspawn Skald on Oct 15, 2017.
             Killed from afar by Ijyb (8 damage)
             ... with a wand of flame (?/48)
             ... on level 2 of the Dungeon.
             The game lasted 00:01:39 (1016 turns).

Klosterheim the Chopper (Demonspawn Skald)          Turns: 1016, Time: 00:01:39

Health: -1/28      AC:  6    Str: 12    XL:     3   Next: 7%
Magic:  6/6        EV:  9    Int: 14    God:
Gold:   33         SH:  0    Dex: 12    Spells: 5/6 levels left

rFire    . . .     SeeInvis .   a - +0 hand axe
rCold    . . .     Gourm    .   (no shield)
rNeg     . . .     Faith    .   h - +0 scale mail
rPois    .         Spirit   .   (no helmet)
rElec    .         Reflect  .   (no cloak)
rCorr    .         Harm     .   (no gloves)
MR       .....                  (no boots)
Stlth    ..........             (no amulet)
HPRegen  0.09/turn              (no ring)
MPRegen  0.10/turn              (no ring)

@: no status effects
A: claws 1
a: no special abilities


You were on level 2 of the Dungeon.
You were not hungry.

You visited 1 branch of the dungeon, and saw 2 of its levels.

You collected 33 gold pieces.

Inventory:

Hand Weapons
 a - a +0 hand axe (weapon)
Armour
 h - a +0 scale mail (worn)
Scrolls
 b - a scroll of fear {unknown}
 e - a scroll of remove curse {unknown}
 f - a scroll of identify {unknown}
Books
 c - a book of Battle

   Spells                             Type                      Level
   a - Infusion                       Charms                       1
   b - Shroud of Golubria             Charms/Translocation         2
   c - Song of Slaying                Charms                       2
   d - Spectral Weapon                Hexes/Charms                 3
   e - Regeneration                   Charms/Necromancy            3
Comestibles
 d - a bread ration
 g - 8 chunks of flesh
 i - 4 fruits
 j - a meat ration


   Skills:
 + Level 2.5 Fighting
 * Level 2.8 Axes
 - Level 0.8 Armour
 - Level 1.7 Dodging
 - Level 2.0 Spellcasting
 - Level 2.6 Charms


You had 5 spell levels left.
You knew the following spells:

 Your Spells              Type           Power        Failure   Level  Hunger
a - Infusion              Chrm           #...         38%         1    ##.....


Dungeon Overview and Level Annotations

Branches:
Dungeon (2/15)

Altars:

Annotations:
D:2 Ijyb


Innate Abilities, Weirdness & Mutations

You have sharp fingernails.


Message History

g - 5 chunks of flesh (gained 2)
Items here: )))) †††
Okay, then.
You butcher the goblin corpse.
g - 6 chunks of flesh (gained 1)
You butcher the goblin corpse.
g - 7 chunks of flesh (gained 1)
You butcher the bat corpse.
g - 8 chunks of flesh (gained 1)
Items here: )))) ÷ a dagger x2; a club; a dagger; a goblin skeleton
Items here: )))) ÷ a dagger x2; a club; a dagger; a goblin skeleton Ijyb the Twisted Goblin comes into view.
Ijyb shouts!
The goblin shouts!
Ijyb zaps a wand.
The puff of flame hits you!
It is a wand of flame (?/48).
Ijyb zaps a wand.
The puff of flame hits you!
* * * LOW HITPOINT WARNING * * *
Ijyb zaps a wand.
The puff of flame hits you!
You die...

#######.#..#......#
.......##.#......#
#########..#..##.#......#
8.8.8...#..#..##........#
........................#
........#..##.##........#
...g.g..#.<##.##........#
...g....#)###.##...†....#
........@..)..##....#####
8.8.8.#########.....##
#####. .............# .
######.#..#.# .. #....#.#
.. #.#.##.# #.. #.#.# ..
#.#.# . #.#.#


You could see Ijyb and 2 goblins.

Vanquished Creatures
  An ooze (D:1)
  A bat (D:2)
  A giant cockroach (D:1)
  6 goblins
  8 hobgoblins
  2 kobolds
  3 rats (D:1)
22 creatures vanquished.

Notes
Turn   | Place    | Note
-------+----------+-------------------------------------------
     0 | D:1      | Klosterheim the Demonspawn Skald began the quest for the Orb.
     0 | D:1      | Reached XP level 1. HP: 16/16 MP: 3/3
   375 | D:1      | Gained mutation: You have sharp fingernails. [demonic ancestry]
   375 | D:1      | Reached XP level 2. HP: 16/22 MP: 5/5
   999 | D:2      | Reached XP level 3. HP: 25/28 MP: 6/6
  1013 | D:2      | Noticed Ijyb
  1016 | D:2      | Killed from afar by Ijyb

Vault maps used:
D:1:      roderic_crossed_star
D:2:      kennysheep_the_goblin_king, overflow_temple_1_default

Skill      XL: |  1 |
---------------+----+-----
Axes           | 2 |  2.8
Fighting       | |  2.5
Armour         | |  0.8
Dodging        | |  1.7
Spellcasting   | |  2.0
Charms         | |  2.6

Action                   || total
-------------------------++-------
Melee: Hand axe          ||    79
Armor: Scale mail        ||    26
       Leather armour    ||     3
Dodge: Dodged            ||    35

Table legend:
 A = Spawn XP
 B = Non-spawn XP
 C = Spawn XP percentage of total XP
 D = Spawn monster count
 E = Non-spawn monster count
 F = Spawn count percentage of total count
 G = Total turns spent on level
                    A         B        C        D         E        F      G
               +---------+---------+-------+---------+---------+-------+---------
         Total |       0 |      45 |   0.0 |       0 |      22 |   0.0 |  1016
               +---------+---------+-------+---------+---------+-------+---------
           D:1 |       0 |      32 |   0.0 |       0 |      15 |   0.0 |   885
           D:2 |       0 |      13 |   0.0 |       0 |       7 |   0.0 |   131
               +---------+---------+-------+---------+---------+-------+---------
